 Dungeon Crawl Stone Soup version 0.21.1-1-g345015f (webtiles) character file.

46 Kagorn the Shield-Bearer (level 3, -4/23 HPs)
             Began as a Gargoyle Fighter on June 11, 2018.
             Slain by a gnoll
             ... wielding a +0 club
              (5 damage)
             ... on level 2 of the Dungeon.
             The game lasted 00:04:43 (1260 turns).

Kagorn the Shield-Bearer (Gargoyle Fighter)         Turns: 1260, Time: 00:04:45

Health: -4/23      AC: 11    Str: 24    XL:     3   Next: 66%
Magic:  3/3        EV:  7    Int:  8    God:
Gold:   26         SH:  9    Dex: 10    Spells: 2/2 levels left

rFire    . . .     SeeInvis .   a - +0 flail
rCold    . . .     Gourm    .   c - +0 shield
rNeg     + . .     Faith    .   b - +0 scale mail
rPois    ∞         Spirit   .   (no helmet)
rElec    +         Reflect  .   (no cloak)
rCorr    .         Harm     .   (no gloves)
MR       .....                  h - +0 pair of boots
Stlth    ..........             (no amulet)
HPRegen  0.07/turn              (no ring)
MPRegen  0.08/turn              (no ring)

@: mighty
A: negative energy resistance 1, electricity resistance, unbreathing,
petrification resistance, rot immunity, AC +3
a: no special abilities


You were on level 2 of the Dungeon.
You were full.

You visited 1 branch of the dungeon, and saw 2 of its levels.

You collected 26 gold pieces.

Inventory:

Hand Weapons
 a - a +0 flail (weapon)
Armour
 b - a +0 scale mail (worn)
 c - a +0 shield (worn)
 h - a +0 pair of boots (worn)
Scrolls
 e - a scroll of identify {unknown}
 g - 2 scrolls of fog {unknown}
Comestibles
 f - a ration


   Skills:
 + Level 3.6 Fighting
 + Level 2.4 Maces & Flails
 + Level 3.5 Armour
 + Level 0.7 Dodging
 + Level 1.2 Stealth
 + Level 3.6 Shields


You had 2 spell levels left.
You didn't know any spells.

Dungeon Overview and Level Annotations

Branches:
Dungeon (2/15)

Altars:


Innate Abilities, Weirdness & Mutations

You are resistant to torment.
Your stone body is resilient. (AC +3)
You are immune to poison.
You resist negative energy. (rN+)
You are resistant to electric shocks. (rElec)
You can survive without breathing.
You are immune to petrification.
You are immune to rotting.


Message History

The gnoll is severely wounded.
The goblin shouts!
You block the gnoll's attack. The gnoll hits you but does no damage.
The goblin hits you but does no damage. The gnoll barely misses you.
You miss the adder. The adder bites you.
* * * LOW HITPOINT WARNING * * *
You block the goblin's attack.
The gnoll hits you but does no damage. x2
The goblin barely misses you. The adder closely misses you.
You miss the kobold. The kobold completely misses you.
You block the gnoll's attack. The adder closely misses you.
The goblin hits you but does no damage.
The gnoll hits you but does no damage. x2
The kobold hits you but does no damage.
You thump the kobold!
You kill the kobold!
The adder bites you but does no damage. You block the goblin's attack.
The adder bites you but does no damage. The gnoll hits you with a club.
* * * LOW HITPOINT WARNING * * *
The gnoll hits you but does no damage. The kobold barely misses you.
The gnoll hits you with a club.
You die...

#...........>...#..
#....#...!.........
.##!...#.(..#........
........(((..<.......
.........)...........
..P.###.g....#......!
........Kgg..(.......
. .....##g##...#####.
P......S@g.....#
.......gK......#
#.###..g.......# #.
#........[...
...#.........#
##............#
..#.#<........#
....######.....


You could see 5 gnolls, an adder, 2 goblins and 2 kobolds.

Vanquished Creatures
  A gnoll (D:2)
  A dart slug (D:1)
  3 giant cockroaches (D:1)
  4 goblins
  4 hobgoblins
  3 jackals (D:1)
  2 ball pythons
  2 bats (D:1)
  A frilled lizard (D:1)
  6 kobolds
  5 rats (D:1)
32 creatures vanquished.

Notes
Turn   | Place    | Note
-------+----------+-------------------------------------------
     0 | D:1      | Kagorn the Gargoyle Fighter began the quest for the Orb.
     0 | D:1      | Reached XP level 1. HP: 14/14 MP: 1/1
   224 | D:1      | Reached XP level 2. HP: 18/19 MP: 2/2
   674 | D:1      | Reached XP level 3. HP: 21/23 MP: 3/3
   755 | D:1      | Reached skill level 1 in Stealth
  1260 | D:2      | HP: 1/23 [gnoll/club (3)]
  1260 | D:2      | Slain by a gnoll

Skill      XL: |  1  2  3 |
---------------+----------+-----
Stealth        | 1 |  1.2
Fighting       | |  3.6
Maces & Flails | |  2.4
Armour         | |  3.5
Dodging        | |  0.7
Shields        | |  3.6

Action                   || total
-------------------------++-------
Melee: Flail             ||   138
  Use: Potion            ||     1
  Eat: Ration            ||     2
Armor: Scale mail        ||    92
Dodge: Dodged            ||    55
Block: Shield            ||    98
